 Dungeon Crawl Stone Soup version 0.22-a0-538-g76cc104 (webtiles) character file.

1311 vinnietd the Carver (level 8, -3/60 HPs)
             Began as a Demonspawn Abyssal Knight on June 22, 2018.
             Was a Priest of Lugonu.
             Slain by an orc warrior
             ... wielding a +0 trident
              (17 damage)
             ... on level 5 of the Dungeon on June 23, 2018.
             The game lasted 00:11:22 (6333 turns).

vinnietd the Carver (Demonspawn Abyssal Knight)     Turns: 6333, Time: 00:11:22

Health: -3/60      AC:  9    Str: 15    XL:     8   Next: 32%
Magic:  10/10      EV: 10    Int: 16    God:    Lugonu [***...]
Gold:   225        SH:  0    Dex: 18    Spells: 7/7 levels left

rFire    . . .     SeeInvis .   a - +1 falchion
rCold    + + .     Gourm    .   (no shield)
rNeg     . . .     Faith    .   h - +0 ring mail
rPois    .         Spirit   .   (no helmet)
rElec    .         Reflect  .   (no cloak)
rCorr    .         Harm     .   g - +1 pair of gloves
MR       .....     Clarity  +   (no boots)
Stlth    +.........             (no amulet)
HPRegen  0.20/turn              f - +6 ring of dexterity
MPRegen  0.12/turn              n - +2 ring of protection

@: no status effects
A: talons 1, clarity, clever 1, cold resistance 2, evolution 1, freezing cloud
immunity
a: Depart the Abyss, Bend Space, Banish, Renounce Religion


You were on level 5 of the Dungeon.
You worshipped Lugonu.
Lugonu was most pleased with you.
You were not hungry.

You visited 1 branch of the dungeon, and saw 6 of its levels.
You visited the Abyss 1 time.

You collected 225 gold pieces.

Inventory:

Hand Weapons
 a - a +1 falchion (weapon)
Armour
 g - a +1 pair of gloves (worn)
 h - a +0 ring mail (worn)
Jewellery
 f - a +6 ring of dexterity (left hand)
 n - a +2 ring of protection (right hand)
Wands
 d - a wand of digging (14)
 p - a wand of iceblast (8)
Scrolls
 e - a scroll of immolation
 i - a scroll of magic mapping
 j - a scroll of enchant armour
 k - a scroll of amnesia
Potions
 l - 2 potions of curing {@q1}
 o - a potion of flight {unknown}
Comestibles
 c - 6 rations


   Skills:
 + Level 3.7 Fighting
 * Level 8.7 Long Blades
 + Level 2.7 Armour
 - Level 0.9 Dodging
 + Level 3.8 Invocations


You had 7 spell levels left.
You didn't know any spells.
Your spell library contained the following spells:

 Spells                   Type           Power        Failure   Level  Hunger
 Apportation              Tloc           #.....       43%         1    ##.....
 Summon Small Mammal      Summ           #...         43%         1    ##.....
 Animate Skeleton         Necr           N/A          43%         1    ##.....
 Confusing Touch          Hex            #.....       43%         1    ##.....


Dungeon Overview and Level Annotations

Branches:
Dungeon (6/15)             Temple (0/1) D:5

Altars:
Dithmenos
Elyvilon
Makhleb
Qazlal
Trog
The Shining One

Shops:
D:6 %


Innate Abilities, Weirdness & Mutations

You have sharp toenails.
Your flesh is very cold resistant. (rC++)
You are immune to freezing clouds.
You possess an exceptional clarity of mind.
Your mind is acute. (Int +2)
You evolve.


Message History

The orc warrior hits you with a trident!
You hit the orc warrior.
You claw the orc warrior, but do no damage.
The orc warrior is lightly wounded.
The orc warrior hits you with a trident!
You closely miss the orc warrior.
You claw the orc warrior, but do no damage.
The orc warrior is lightly wounded.
The orc warrior hits you but does no damage.
You hit the orc warrior.
The orc warrior is moderately wounded.
The orc warrior hits you with a trident!
* * * LOW HITPOINT WARNING * * *
You closely miss the orc warrior.
You claw the orc warrior, but do no damage.
The orc warrior is moderately wounded.
You hit the orc warrior. You claw the orc warrior.
The orc warrior is heavily wounded.
The orc warrior hits you with a trident!
You die...

#####..............#.#.#..
#.....................
#..............#.#.#..
##.....................
#.....##########.#....#
#.....#.......#..#....#
#.....#.......'..#....'
#####.....######.#####....#
#.........@o##...###....###
#..............#..#..#..#..
#.............###...###.#..
#...........#..#..#..#..#'#
######............##.......
#............+........
#............#........
#.........#..#..#.....
#......#.###...###...#


You could see an orc warrior.

Vanquished Creatures
  Duvessa (D:5)
  An orc warrior (D:6)
  An ogre (D:5)
  2 centaurs
  A bullfrog (D:6)
  Blork the orc (D:5)
  Dowan (D:5)
  2 crimson imps (D:6)
  2 hounds
  3 orc priests
  An iguana (D:6)
  7 orc wizards
  A worker ant (D:5)
  4 gnolls (D:6)
  8 adders
  2 oozes
  2 worms
  3 dart slugs
  3 leopard geckos
  12 orcs
  8 bats
  5 giant cockroaches
  7 goblins
  9 hobgoblins
  12 jackals
  7 kobolds
  6 quokkas
  2 ball pythons
  2 frilled lizards
  7 rats
123 creatures vanquished.

Notes
Turn   | Place    | Note
-------+----------+-------------------------------------------
     0 | Abyss:1  | vinnietd the Demonspawn Abyssal Knight began the quest for the Orb.
     0 | Abyss:1  | Reached XP level 1. HP: 18/18 MP: 2/2
    11 | D:1      | Escaped the Abyss
   267 | D:1      | Reached skill level 2 in Long Blades
   354 | D:1      | Gained mutation: You have sharp toenails. [demonic ancestry]
   354 | D:1      | Reached XP level 2. HP: 23/24 MP: 3/3
   545 | D:1      | Reached skill level 3 in Long Blades
   636 | D:2      | Found a white marble altar of Elyvilon.
   666 | D:2      | Gained mutation: Your flesh is cold resistant. (rC+) [demonic ancestry]
   666 | D:2      | Reached XP level 3. HP: 24/29 MP: 4/4
   788 | D:2      | Found a glowing golden altar of the Shining One.
   953 | D:2      | Found a bloodstained altar of Trog.
  1410 | D:2      | Reached XP level 4. HP: 35/35 MP: 5/5
  1532 | D:2      | Reached ** piety under Lugonu
  1858 | D:3      | Reached skill level 4 in Long Blades
  2261 | D:3      | Noticed an ogre
  2560 | D:4      | Reached skill level 5 in Long Blades
  2560 | D:4      | Reached XP level 5. HP: 30/41 MP: 6/6
  2901 | D:4      | Reached XP level 6. HP: 24/47 MP: 7/7
  3017 | D:4      | Reached skill level 6 in Long Blades
  3457 | D:4      | Found a burning altar of Makhleb.
  3457 | D:4      | Noticed a green death
  3460 | D:4      | Noticed a ynoxinul
  3460 | D:4      | Noticed a smoke demon
  3760 | D:5      | Entered Level 5 of the Dungeon
  3973 | D:5      | Found a stormy altar of Qazlal.
  3999 | D:5      | Found a shadowy altar of Dithmenos.
  4160 | D:5      | Reached skill level 7 in Long Blades
  4160 | D:5      | Gained mutation: You are immune to freezing clouds. [demonic ancestry]
  4160 | D:5      | Reached XP level 7. HP: 27/52 MP: 8/8
  4373 | D:5      | Noticed Blork the orc
  4382 | D:5      | Killed Blork the orc
  4546 | D:5      | Noticed Dowan
  4547 | D:5      | Noticed Duvessa
  4576 | D:5      | Killed Duvessa
  4585 | D:5      | Gained mutation: You possess an exceptional clarity of mind. [potion of mutation]
  4585 | D:5      | Gained mutation: Your mind is acute. (Int +2) [potion of mutation]
  4585 | D:5      | Gained mutation: Your flesh is very cold resistant. (rC++) [potion of mutation]
  4585 | D:5      | Gained mutation: You evolve. [potion of mutation]
  4597 | D:5      | Killed Dowan
  4597 | D:5      | Reached *** piety under Lugonu
  4597 | D:5      | Reached skill level 8 in Long Blades
  5088 | D:5      | Found a staircase to the Ecumenical Temple.
  5186 | D:6      | Upgraded the game from 0.22-a0-525-gf69a080 to 0.22-a0-538-g76cc104
  5498 | D:6      | Reached XP level 8. HP: 55/58 MP: 10/10
  5536 | D:6      | Found Zovirpha's Food Shoppe.
  6333 | D:5      | Slain by an orc warrior

Vault maps used:
D:1:      dpeg_arrival_tiny_i
D:2:      lemuel_doored_altar, lightli_temple_of_fire, old_standard_altar,
          serial_bayou_pond_a, st_stairs_13
D:3:      hex_medium
D:4:      makhleb_altar_promises_db, minmay_misc_feat_rugged
D:5:      nicolae_dithmenos_through_a_glass_darkly, temple_green, serial_glass,
          glass_columns_a, glass_columns_c, glass_columns_b, glass_columns_a,
          glass_columns_a, minmay_strange_pillars, first_ration,
          grunt_decor_arrowhead, minivault_1, grunt_qazlal_clouds,
          uniq_blork_the_orc, uniq_duvessa
D:6:      serial_shops, shop, shop_fountains, shop

Skill      XL: |  1  2  3  4  5  6  7 |
---------------+----------------------+-----
Long Blades    | 2 3 5 7 8 |  8.7
Armour         | 2 |  2.7
Invocations    | 3 |  3.8
Fighting       | |  3.7
Dodging        | |  0.9

Action                   |  1- 3 |  4- 6 |  7- 9 || total
-------------------------+-------+-------+-------++-------
Melee: Falchion          |    89 |   182 |   187 ||   458
       Kick              |    24 |    62 |    62 ||   148
  Use: Scroll            |       |     6 |     2 ||     8
       Potion            |       |     3 |     5 ||     8
 Stab: Sleeping          |       |     1 |       ||     1
  Eat: Chunk             |     2 |     5 |     6 ||    13
       Ration            |       |     1 |     1 ||     2
Armor: Ring mail         |    36 |   102 |    57 ||   195
       Leather armour    |     1 |       |       ||     1
Dodge: Dodged            |    45 |    98 |    82 ||   225
       Rpst.: Falchion   |    13 |    30 |    24 ||    67

Table legend:
 A = Spawn XP
 B = Non-spawn XP
 C = Spawn XP percentage of total XP
 D = Spawn monster count
 E = Non-spawn monster count
 F = Spawn count percentage of total count
 G = Total turns spent on level
                    A         B        C        D         E        F      G
               +---------+---------+-------+---------+---------+-------+---------
         Total |       0 |    1873 |   0.0 |       0 |     123 |   0.0 |  6333
               +---------+---------+-------+---------+---------+-------+---------
           D:1 |       0 |      33 |   0.0 |       0 |      16 |   0.0 |   581
           D:2 |       0 |      71 |   0.0 |       0 |      21 |   0.0 |  1282
           D:3 |       0 |      84 |   0.0 |       0 |      25 |   0.0 |   655
           D:4 |       0 |     375 |   0.0 |       0 |      17 |   0.0 |  1231
           D:5 |       0 |     765 |   0.0 |       0 |      17 |   0.0 |  1643
           D:6 |       0 |     545 |   0.0 |       0 |      27 |   0.0 |   930
               +---------+---------+-------+---------+---------+-------+---------
